 Dungeon Crawl Stone Soup version 0.30.0-5-g1a98f26d00 (webtiles) character file.

Game seed: 14255211202003005132

12774 monsoonserge the Grappler (level 11, -16/104 HPs)
             Began as a Troll Monk on May 9, 2023.
             Was the Champion of Jiyva.
             Demolished by a reaper
             ... wielding a +1 heavy scythe
              (57 damage)
             ... in a Gauntlet.
             The game lasted 00:43:35 (8259 turns).

monsoonserge the Grappler (Troll Monk)              Turns: 8259, Time: 00:43:35

Health: -16/104    AC:  7    Str: 23    XL:     11   Next: 66%
Magic:  10/10      EV: 19    Int:  4    God:    Jiyva [******]
Gold:   550        SH:  0    Dex: 20    Spells: 10/10 levels left

rFire   . . .        J - +5 giant spiked club (spect)
rCold   + . .        (shield currently unavailable)
rNeg    . . .        G - +0 steam dragon scales
rPois   .            (helmet restricted)
rElec   .            F - +0 cloak
rCorr   +            (gloves unavailable)
SInv    .            (boots unavailable)
Will    +....        (no amulet)
Stlth   ++           x - +5 ring of evasion
HPRegen 2.77/turn    L - ring of willpower
MPRegen 0.62/turn

%: no teleportation
@: no status effects
A: large, unfitting armour, claws 3, regeneration 1, shaggy fur 3, tough skin 1,
antennae 1, agile 2, eyeballs 1, pseudopods 2
a: Renounce Religion, Oozemancy, Slimify


You were in a Gauntlet.
You worshipped Jiyva.
Jiyva was exalted by your worship.
You visited 3 branches of the dungeon, and saw 12 of its levels.
You also visited: Gauntlet.

You collected 550 gold pieces.

Inventory:

Hand Weapons
 J - a +5 spectral giant spiked club (weapon)
Missiles
 d - 63 stones (quivered)
 g - 2 throwing nets
 l - 5 poisoned darts
 H - a curare-tipped dart
Armour
 c - an orb of light
 y - a +1 robe of positive energy
 D - a +0 robe of willpower
 F - a +0 cloak (worn)
 G - +0 steam dragon scales (worn)
Jewellery
 x - a +5 ring of evasion (left claw)
 L - a ring of willpower (right claw)
Wands
 m - a wand of mindburst (13)
 r - a wand of polymorph (12)
 u - a wand of iceblast (23)
 K - a wand of acid (7)
 M - a wand of paralysis (3)
Scrolls
 i - 2 scrolls of torment {unknown}
 k - a scroll of poison {unknown}
 n - 11 scrolls of identify {unknown}
 o - a scroll of fear {unknown}
 p - a scroll of noise {unknown}
 q - a scroll of enchant armour {unknown}
 s - 4 scrolls of teleportation {unknown}
 v - 2 scrolls of magic mapping {unknown}
 w - 2 scrolls of blinking {unknown}
 A - 2 scrolls of enchant weapon {unknown}
 E - a scroll of fog {unknown}
Potions
 a - a potion of resistance {unknown}
 b - 2 potions of ambrosia
 e - 2 potions of cancellation
 f - a potion of lignification {unknown}
 h - a potion of invisibility {unknown}
 j - a potion of heal wounds
 t - a potion of attraction {unknown}
 z - 2 potions of might {unknown}
 B - 2 potions of curing {unknown}
 C - a potion of haste {unknown}
 I - a potion of degeneration {unknown}


   Skills:
 + Level 5.4 Fighting
 * Level 7.2 Maces & Flails
 + Level 1.8 Throwing
 + Level 7.2 Dodging
 + Level 1.2 Stealth
 - Level 13.5 Unarmed Combat
 + Level 2.0 Evocations


You had 10 spell levels left.
You didn't know any spells.
Your spell library contained the following spells:

 Spells                   Type           Power      Damage    Failure   Level
 Freeze                   Ice            0%         1d3       50%         1
 Kiss of Death            Conj/Necr      0%         2d5       50%         1
 Shock                    Conj/Air       0%         1d3       50%         1
 Lesser Beckoning         Tloc           0%         N/A       65%         2
 Sublimation of Blood     Necr           0%         N/A       65%         2
 Wereblood                Tmut           0%         N/A       65%         2
 Dazzling Flash           Conj/Hex       0%         N/A       86%         3
 Frozen Ramparts          Ice            0%         1d1       86%         3
 Gell's Gravitas          Tloc           0%         N/A       86%         3
 Hailstorm                Conj/Ice       0%         3d3       86%         3
 Ozocubu's Armour         Ice            0%         N/A       86%         3
 Swiftness                Air            0%         N/A       86%         3
 Teleport Other           Tloc           0%         N/A       86%         3
 Volatile Blastmotes      Fire/Tloc      0%         2d10      86%         3
 Airstrike                Air            0%         2d(0-16)  99%         4
 Animate Dead             Necr           0%         N/A       99%         4
 Iskenderun's Mystic Bla  Conj/Tloc      0%         2d3       99%         4
 Leda's Liquefaction      Hex/Erth       0%         N/A       99%         4
 Lee's Rapid Deconstruct  Erth           0%         3d4*      100%        5
 Starburst                Conj/Fire      0%         6d3       100%        6
 Statue Form              Tmut/Erth      0%         N/A       100%        6
 Haunt                    Necr/Summ      0%         N/A       100%        7
 Ozocubu's Refrigeration  Ice            0%         4d7       100%        7
 Summon Hydra             Summ           0%         N/A       100%        7
 Infestation              Necr           0%         N/A       100%        8


Dungeon Overview and Level Annotations

Branches:
Dungeon (9/15)             Temple (1/1) D:6            Lair (2/5) D:9
Gauntlet (1/1)
  Swamp: Lair:2-3    Shoals: Lair:2-3     Snake: Lair:2-3    Spider: Lair:2-3
    Orc: D:9-12

Altars:
Ashenzari
Cheibriados
Dithmenos
Elyvilon
Fedhas
Gozag
Hepliaklqana
Kikubaaqudgha
Makhleb
Nemelex Xobeh
Okawaru
Qazlal
Ru
Sif Muna
Trog
Uskayaw
Vehumet
Wu Jian
Yredelemnul
Zin
The Shining One
Jiyva

Shops:
D:6 [

Annotations:
D:7 2 runed translucent doors, backslashecho's ghost, novice KoHu Gauntlet 7 transporters


Innate Abilities, Weirdness & Mutations

You are too large for most types of armour.
You have claws for hands.
Your natural rate of healing is unusually fast.
Your thick and shaggy fur keeps you warm. (AC +3, rC+)
You have tough skin. (AC +1)
You have a pair of small antennae on your head.
You are very agile. (Dex +8, Str/Int -2)
Your body has grown eyes which may confuse attackers. (Acc +3)
Armour fits poorly on your large pseudopods.


Message History

You see here a +3 dagger of venom.
s - 4 scrolls labelled MAOH AJ MUCSI (gained 1)
There are no items here.
There is a transporter here.
You enter the transporter and appear at another place.
The shadow imp laughs crazily.
There is a transporter here.
Press: ? - help, v - describe, . - travel
Here: a reaper, wielding a +1 heavy scythe (wandering, hasn't noticed you, fire blocked by a translucent stone wall)
The floor.
You start removing your armour.
You continue taking off your +1 robe of positive energy. x4
You finish taking off your +1 robe of positive energy.
You feel less protected from negative energy.
You start putting on your armour.
You continue putting on your +0 steam dragon scales.
The shadow imp puffs mist at you.
You continue putting on your +0 steam dragon scales.
The shadow imp lashes its tail.
You continue putting on your +0 steam dragon scales. x3
You finish putting on your +0 steam dragon scales.
The reaper shouts, "You must die NOW!"
There is a transporter here.
You enter the transporter and appear at another place.
The reaper shouts, "You must die NOW!"
You barely miss the shadow imp. The shadow imp closely misses you.
You closely miss the reaper.
The reaper hits you with a +1 heavy scythe!!!
You shudder from the blow and a jelly pops out!
You barely miss the reaper.
You bludgeon the reaper, but do no damage.
The reaper hits you with a +1 heavy scythe!!
You shudder from the blow and a jelly pops out!
Your rockslime hits the reaper!!
The reaper holds its ground!
You puncture the reaper!
The reaper is heavily wounded.
Your rockslime completely misses the reaper.
The reaper hits you with a +1 heavy scythe!!!
Ouch! That really hurt!
You die...

........≈∩≈............≈###
.........§..............#8#
########...###########..###
.?©[(..#...#^.)[©?...#..#
#...##.#...#.#.#.#.#.#..###
.###.#.#...#.^#^#^#..#..#8#
##.##..#...#.#.#.#.#.#..###
..©....#...#..#.J.#..#..#
##.##..#...#^#.#@#.#.#..###
.###.#.#...#..#.#2#..#..#8#
#...##.#...#.#.#5#J#.#..###
......2#...#..^......#..#
########..§###########..###
#.©.#....≈....#.©.#.....#8#
#...#...≈8≈...#...#.8...###
#.©.#....≈....#.©.#.....#
########...###########..###


You could see a reaper (ally target), a shadow imp and 2 friendly rockslimes.

Vanquished Creatures
  Erolcha (D:9)
  A two-headed ogre (D:8)
  A soul eater (Gauntlet)
  A lindwurm (Lair:1)
  5 cane toads
  2 komodo dragons (Lair:2)
  A rime drake (D:9)
  Grinder (D:3)
  5 blink frogs (Lair:1)
  A wraith (D:9)
  3 shadows (Gauntlet)
  3 yaks (D:9)
  A wyvern (Lair:1)
  A basilisk (Lair:2)
  A steam dragon (D:8)
  4 water moccasins
  An acid dragon (D:9)
  5 ice beasts
  2 black bears
  An ogre (D:6)
  11 wolves
  6 centaurs
  A phantom (D:5)
  6 bullfrogs
  2 kobold brigands (D:8)
  A necrophage (D:5)
  A gnoll sergeant (D:7)
  3 scorpions
  3 water moccasin zombies (D:5)
  16 wights
  15 killer bees
  4 howler monkeys
  2 bullfrog zombies (D:5)
  A centaur zombie (D:5)
  6 hounds
  A human zombie (D:5)
  3 orc priests
  6 iguanas
  7 orc wizards
  A scorpion zombie (D:5)
  A hound zombie (D:5)
  A mummy (D:5)
  3 gnolls
  8 adders
  2 shadow imps (Gauntlet)
  6 white imps
  7 worms
  4 dart slugs
  19 orcs
  5 ball pythons
  4 endoplasms
  5 giant cockroaches
  9 goblins
  8 hobgoblins
  3 jackals (D:1)
  12 kobolds
  5 quokkas
  4 bats
  2 frilled lizards (D:2)
  6 rats
251 creatures vanquished.

Vanquished Creatures (others)
  5 slime creatures (D:9)
  3 yaks (D:9)
  An orc warrior (D:9)
  2 wolves
  9 jellies
  A killer bee (D:9)
  An orc priest (D:9)
  An orc wizard (D:9)
  An adder (D:3)
  An orc (D:3)
  A bat (D:3)
  An endoplasm (D:4)
  A giant cockroach (D:4)
  A goblin (D:3)
  3 hobgoblins
  3 quokkas (D:3)
  A ball python (D:3)
  2 frilled lizards (D:3)
  2 kobolds
  A rat (D:3)
  2 spectral weapons
43 creatures vanquished.

Grand Total: 294 creatures vanquished

Notes
Turn   | Place    | Note
-------+----------+-------------------------------------------
     0 | D:1      | monsoonserge the Troll Monk began the quest for the Orb.
     0 | D:1      | Reached XP level 1. HP: 22/22 MP: 0/0
   240 | D:1      | Reached XP level 2. HP: 29/29 MP: 1/1
   522 | D:1      | You fall into a shaft and drop 1 floor!
   676 | D:2      | Reached XP level 3. HP: 35/36 MP: 2/2
  1312 | D:2      | Reached skill level 4 in Unarmed Combat
  1406 | D:2      | Found a faded altar of an unknown god.
  1414 | D:2      | Prayed at the altar of an unknown god.
  1414 | D:2      | Became a worshipper of Jiyva Jialiasa the Shapeless
  1414 | D:2      | Reached * piety under Jiyva
  1414 | D:2      | Reached ** piety under Jiyva
  1562 | D:3      | Reached XP level 4. HP: 45/45 MP: 3/3
  1648 | D:3      | Reached *** piety under Jiyva
  1743 | D:3      | Gained mutation: Your body has grown eyes which may confuse
                  | attackers. (Acc +3) [Jiyva's grace]
  1743 | D:3      | Gained mutation: Your body has grown many eyes which may
                  | confuse attackers. (Acc +5) [Jiyva's grace]
  1743 | D:3      | Gained mutation: Your body is covered in eyes which may
                  | confuse attackers. (Acc +7, SInv) [Jiyva's grace]
  1743 | D:3      | Gained mutation: You are robust. (+10% HP) [Jiyva's grace]
  1953 | D:3      | Noticed Grinder
  1960 | D:3      | Killed Grinder
  1961 | D:3      | Reached skill level 5 in Unarmed Combat
  1961 | D:3      | Reached XP level 5. HP: 44/58 MP: 4/4
  1961 | D:3      | Reached XP level 6. HP: 51/67 MP: 5/5
  2106 | D:3      | Reached **** piety under Jiyva
  2613 | D:4      | Found a snail-covered altar of Cheibriados.
  2824 | D:4      | Reached skill level 6 in Unarmed Combat
  3141 | D:4      | Found a radiant altar of Vehumet.
  3150 | D:4      | Found an ancient bone altar of Kikubaaqudgha.
  3163 | D:4      | Reached XP level 7. HP: 72/73 MP: 6/6
  3165 | D:4      | Got Kikubaaqudgha's Secrets of Exhumation
  3176 | D:4      | Found a shimmering blue altar of Sif Muna.
  3371 | D:4      | Reached skill level 1 in Evocations
  3610 | D:5      | Entered Level 5 of the Dungeon
  3619 | D:5      | Reached skill level 7 in Unarmed Combat
  3719 | D:5      | Reached ***** piety under Jiyva
  3959 | D:5      | Reached skill level 1 in Stealth
  3972 | D:5      | Reached skill level 8 in Unarmed Combat
  3972 | D:5      | Reached XP level 8. HP: 80/82 MP: 7/7
  4028 | D:5      | Found a basalt altar of Yredelemnul.
  4106 | D:6      | Lost mutation: Your body is covered in eyes which may
                  | confuse attackers. (Acc +7, SInv) [Jiyva's grace]
  4106 | D:6      | Gained mutation: You possess an exceptional clarity of
                  | mind. [Jiyva's grace]
  4106 | D:6      | Gained mutation: You are covered in slimy tendrils that may
                  | disarm your opponents. [Jiyva's grace]
  4106 | D:6      | Gained mutation: You have a pair of small antennae on your
                  | head. [Jiyva's grace]
  4106 | D:6      | Gained mutation: You have a pair of antennae on your head.
                  | [Jiyva's grace]
  4146 | D:6      | Found Yceutz's Armour Emporium.
  4202 | D:6      | Reached skill level 9 in Unarmed Combat
  4312 | D:6      | Found a hide-covered altar of Uskayaw.
  4589 | D:6      | Reached skill level 10 in Unarmed Combat
  4909 | D:6      | Found a staircase to the Ecumenical Temple.
  4914 | Temple   | Entered the Ecumenical Temple
  5021 | D:6      | Reached XP level 9. HP: 79/90 MP: 8/8
  5269 | D:7      | Noticed a moth of wrath
  5272 | D:7      | Found a bloodstained altar of Trog.
  5340 | D:7      | Reached skill level 5 in Dodging
  5340 | D:7      | Reached skill level 11 in Unarmed Combat
  5345 | D:7      | Found a large runed translucent door.
  5346 | D:7      | Found a large runed translucent door.
  5352 | D:7      | Noticed backslashecho's ghost (novice KoHu)
  5489 | D:7      | Found a sparkling altar of Nemelex Xobeh.
  5783 | D:8      | Noticed a two-headed ogre
  5792 | D:8      | Killed a two-headed ogre
  5834 | D:8      | Reached skill level 1 in Throwing
  5847 | D:8      | Reached skill level 12 in Unarmed Combat
  5940 | D:8      | Reached XP level 10. HP: 103/103 MP: 7/9
  6381 | D:9      | Found an iron altar of Okawaru.
  6395 | D:9      | Lost mutation: You possess an exceptional clarity of mind.
                  | [Jiyva's grace]
  6395 | D:9      | Lost mutation: You are robust. (+10% HP) [Jiyva's grace]
  6395 | D:9      | Lost mutation: Your body has grown many eyes which may
                  | confuse attackers. (Acc +5) [Jiyva's grace]
  6395 | D:9      | Gained mutation: You are agile. (Dex +4, Str/Int -1)
                  | [Jiyva's grace]
  6395 | D:9      | Gained mutation: You are very agile. (Dex +8, Str/Int -2)
                  | [Jiyva's grace]
  6395 | D:9      | Gained mutation: Your body has grown many eyes which may
                  | confuse attackers. (Acc +5) [Jiyva's grace]
  6395 | D:9      | Gained mutation: Your body is covered in eyes which may
                  | confuse attackers. (Acc +7, SInv) [Jiyva's grace]
  6432 | D:9      | Found a sacrificial altar of Ru.
  6495 | D:9      | Reached skill level 13 in Unarmed Combat
  6507 | D:9      | Found a staircase to the Lair.
  6512 | D:9      | Reached ****** piety under Jiyva
  6518 | D:9      | Noticed Erolcha
  6559 | D:9      | Killed Erolcha
  6714 | D:9      | Found a broken altar of Ashenzari.
  6714 | D:9      | Found a hazy altar of Hepliaklqana.
  6715 | D:9      | Found a white marble altar of Elyvilon.
  6790 | D:9      | Reached skill level 1 in Maces & Flails
  7024 | Lair:1   | Entered Level 1 of the Lair of Beasts
  7031 | Lair:1   | Noticed a cane toad
  7038 | Lair:1   | Killed a cane toad
  7053 | Lair:1   | Noticed a lindwurm
  7058 | Lair:1   | Killed a lindwurm
  7059 | Lair:1   | Reached XP level 11. HP: 101/101 MP: 10/10
  7108 | Lair:1   | HP: 5/101 [cane toad (16)]
  7208 | Lair:1   | Reached skill level 5 in Fighting
  7570 | Lair:2   | Reached skill level 5 in Maces & Flails
  7656 | Lair:2   | Lost mutation: You have a pair of antennae on your head.
                  | [Jiyva's grace]
  7656 | Lair:2   | Lost mutation: Your body is covered in eyes which may
                  | confuse attackers. (Acc +7, SInv) [Jiyva's grace]
  7656 | Lair:2   | Lost mutation: Your body has grown many eyes which may
                  | confuse attackers. (Acc +5) [Jiyva's grace]
  7656 | Lair:2   | Lost mutation: You are covered in slimy tendrils that may
                  | disarm your opponents. [Jiyva's grace]
  7656 | Lair:2   | Gained mutation: You are covered in thick fur. (AC +2)
                  | [Jiyva's grace]
  7656 | Lair:2   | Gained mutation: Your thick and shaggy fur keeps you warm.
                  | (AC +3, rC+) [Jiyva's grace]
  7656 | Lair:2   | Gained mutation: Armour fits poorly on your pseudopods.
                  | [Jiyva's grace]
  7656 | Lair:2   | Gained mutation: Armour fits poorly on your large
                  | pseudopods. [Jiyva's grace]
  7904 | Lair:2   | Found a gate leading to a gauntlet.
  7917 | Gauntlet | Entered a Gauntlet
  7917 | Gauntlet | Noticed a sixfirhy
  7917 | Gauntlet | Found a transporter.
  7917 | Gauntlet | Found a transporter.
  7918 | Gauntlet | Found a transporter.
  7918 | Gauntlet | Found a transporter.
  7918 | Gauntlet | Noticed a soul eater
  7921 | Gauntlet | Found a transporter.
  7921 | Gauntlet | Found a transporter.
  7932 | Gauntlet | Found a transporter.
  7935 | Gauntlet | Found a transporter.
  7936 | Gauntlet | Found a transporter.
  7936 | Gauntlet | Found a transporter.
  7942 | Gauntlet | Noticed a reaper
  7945 | Gauntlet | Found a transporter.
  7945 | Gauntlet | Noticed a green death
  7946 | Gauntlet | Found a transporter.
  8149 | Gauntlet | Killed a soul eater
  8259 | Gauntlet | Demolished by a reaper

Illustrated notes

Levels and vault maps discovered:
D:1:      erik_arrival_orb_chamber, layout_basic, fountainhead,
          serial_bayou_lagoon_a
D:2:      layout_loops_cross, shapermc_ecumenical_altar_pompeii,
          grunt_ministairs_1, minmay_small_reverse_x
D:3:      layout_loops_corners, nrook_uturn, nicolae_eternal_life, uniq_grinder
D:4:      minmay_skewed_foursquare, layout_basic, palyth_temple_overflow_mages,
          kennysheep_mini_moat, due_unseen_surprise
D:5:      layout_rooms, lemuel_mausoleum_altar_yredelemnul
D:6:      layout_basic, nicolae_uskayaw_dance_hall, minmay_temple_entry_trees,
          serial_shops, kennysheep_little_box, kennysheep_big_empty_room
D:7:      layout_rooms, tgw_trog, nemelex_diamond_rough_becter,
          ebering_ghost_disaster_area
D:8:      layout_rooms, grunt_potential
D:9:      layout_roguey, mainiacjoe_overflow_surrounded_room,
          mainiacjoe_overflow_paths, chequers_temple_overflow_statue_of_worship,
          hellmonk_lair_entry_icy, uniq_erolcha
Temple:   nicolae_temple_cloud_nine
Lair:1:   layout_misc_corridors, nicolae_lair_lindhole
Lair:2:   beast_lair_carwin_large_4, layout_regular_city, gauntlet_entry_generic
Gauntlet: gammafunk_gauntlet_hard_choice [gammafunk_gauntlet_arena_crates,
          nicolae_gauntlet_arena_quarters, gammafunk_gauntlet_arena_split_x,
          nicolae_gauntlet_arena_x, gammafunk_gauntlet_arena_grid,
          gammafunk_gauntlet_arena_corners, gauntlet_exit_green]

Skill      XL: |  1  2  3  4  5  6  7  8  9 10 11 |
---------------+----------------------------------+-----
Fighting       | 3 4 5 |  5.4
Unarmed Combat | 4 5 6 8 10 12 13 | 13.5
Dodging        | 3 4 5 7 |  7.2
Evocations     | 1 2 |  2.0
Stealth        | 1 |  1.2
Throwing       | 1 |  1.8
Maces & Flails | 2 7 |  7.2

Action                     |  1- 3 |  4- 6 |  7- 9 | 10-12 || total
---------------------------+-------+-------+-------+-------++-------
  Melee: Unarmed           |    76 |    79 |   236 |   107 ||   498
         Punch             |       |     2 |    12 |     5 ||    19
         Giant spiked club |       |       |       |    95 ||    95
         Pseudopods        |       |       |       |    10 ||    10
  Throw: Boomerang         |       |       |     2 |     4 ||     6
         Stone             |       |       |       |     4 ||     4
 Invoke: Oozemancy         |       |       |     1 |       ||     1
    Use: Potion            |       |       |       |     2 ||     2
   Stab: Confused          |       |       |     6 |     4 ||    10
         Sleeping          |       |       |     4 |     1 ||     5
         Distracted        |       |       |     1 |     3 ||     4
 Armour: Robe              |    17 |    20 |    23 |     4 ||    64
         Steam dragon scal |       |       |       |    22 ||    22
  Dodge: Dodged            |    21 |    25 |   165 |   162 ||   373
